PBL
KELOWNA HEAT @ JOPLIN BLASTERS
09/03/2049
 
TOP OF THE 1ST
Kelowna Heat batting - Pitching for Joplin Blasters : LHP Sean Walters
Pitching: LHP Sean Walters
Batting: LHB Billy Lang 0-0: Ball
1-0: Bunted foul
1-1: Foul Ball, location: 2F
1-2: Ball
2-2: Ball
3-2: SINGLE (Groundball, 56D, EV 97.5 MPH)
Batting: RHB Soichi Kaneshiro 0-0: Foul Ball, location: 2F
0-1: Ball
1-1: Fly out, F7 (Flyball, 7, EV 90.0 MPH)
Batting: LHB Alex Larangho 0-0: Ball
1-0: Ball
2-0: Ball
3-0: Called Strike
3-1: Foul Ball, location: 2F
3-2: Foul Ball, location: 2F
3-2: Base on Balls
Billy Lang to second
Batting: RHB Mike Storey 0-0: Swinging Strike
0-1: Called Strike
0-2: Strikes out swinging
Batting: RHB Sean Gilbert 0-0: Fly out, F7 (Flyball, 7, EV 89.4 MPH)
Top of the 1st over - 0 runs, 1 hit, 0 errors, 2 left on base; Kelowna 0 - Joplin 0
BOTTOM OF THE 1ST
Joplin Blasters batting - Pitching for Kelowna Heat : RHP Steven Kennett
Pitching: RHP Steven Kennett
Batting: RHB Angel Melendez 0-0: Swinging Strike
0-1: Foul Ball, location: 2F
0-2: Foul Ball, location: 2F
0-2: Strikes out looking
Batting: RHB Mike Stokes 0-0: Swinging Strike
0-1: Ball
1-1: Foul Ball, location: 2F
1-2: Fly out, F7 (Flyball, 7, EV 83.1 MPH)
Batting: RHB Dustin Peterson 0-0: Called Strike
0-1: Foul Ball, location: 2F
0-2: Ground out 5-3 (Groundball, 5, EV 83.1 MPH)
Bottom of the 1st over - 0 runs, 0 hits, 0 errors, 0 left on base; Kelowna 0 - Joplin 0
TOP OF THE 2ND
Kelowna Heat batting - Pitching for Joplin Blasters : LHP Sean Walters
Batting: RHB Joey Black 0-0: Ball
1-0: Ground out U3 (Groundball, 34, EV 83.1 MPH)
Batting: LHB Willy Berrios 0-0: Ball
1-0: SOLO HOME RUN (Flyball, 89XD, EV 106.9 MPH), Distance : 411 ft
Batting: RHB Glen Limeburner 0-0: Foul Ball, location: 2F
0-1: Foul Ball, location: 2F
0-2: Ball
1-2: SOLO HOME RUN (Flyball, 7LD, EV 98.1 MPH), Distance : 354 ft
Batting: RHB Joe Nelson 0-0: Ball
1-0: Ball
2-0: SOLO HOME RUN (Flyball, 7LD, EV 90.0 MPH), Distance : 341 ft
Batting: LHB Billy Lang 0-0: Ball
1-0: Ball
2-0: Swinging Strike
2-1: SOLO HOME RUN (Flyball, 89XD, EV 103.1 MPH), Distance : 428 ft
Batting: RHB Soichi Kaneshiro 0-0: Fly out, F9 (Flyball, 9D, EV 91.9 MPH)
Batting: LHB Alex Larangho 0-0: Foul Ball, location: 2F
0-1: Ball
1-1: Swinging Strike
1-2: Strikes out swinging
Top of the 2nd over - 4 runs, 4 hits, 0 errors, 0 left on base; Kelowna 4 - Joplin 0
BOTTOM OF THE 2ND
Joplin Blasters batting - Pitching for Kelowna Heat : RHP Steven Kennett
Batting: RHB Donnie Bednarz 0-0: Foul Ball, location: 2F
0-1: Ball
1-1: Ground out 5-3 (Groundball, 5, EV 92.5 MPH)
Batting: RHB Steve Huebner 0-0: Ball
1-0: Ball
2-0: Ball
3-0: Called Strike
3-1: Swinging Strike
3-2: Foul Ball, location: 2F
3-2: Strikes out swinging
Batting: LHB Willie Marquez 0-0: Called Strike
0-1: Ball
1-1: Ball
2-1: Ground out 4-3 (Groundball, 4, EV 78.1 MPH)
Bottom of the 2nd over - 0 runs, 0 hits, 0 errors, 0 left on base; Kelowna 4 - Joplin 0
TOP OF THE 3RD
Kelowna Heat batting - Pitching for Joplin Blasters : LHP Sean Walters
Batting: RHB Mike Storey 0-0: Called Strike
0-1: Called Strike
0-2: Foul Ball, location: 2F
0-2: Ball
1-2: Foul Ball, location: 2F
1-2: Single, Error in OF, E8, batter to second base (Groundball, 4D, EV 103.8 MPH)
Batting: RHB Sean Gilbert 0-0: Ball
1-0: Ball
2-0: Fly out, F9 (Flyball, 9D, EV 110.0 MPH)
Runner from 2nd tags up, SAFE at 3rd, no throw by RF
Batting: RHB Joey Black 0-0: SINGLE (Line Drive, 4D, EV 99.4 MPH)
Mike Storey scores
Batting: LHB Willy Berrios 0-0: Called Strike
0-1: Fly out, F6 (Popup, 6MD, EV 70.0 MPH)
Batting: RHB Glen Limeburner 0-0: Foul Ball, location: 2F
0-1: Ball
1-1: Ball
2-1: Ball
3-1: Ground out 4-3 (Groundball, 34D, EV 83.1 MPH)
Top of the 3rd over - 1 run, 2 hits, 1 error, 1 left on base; Kelowna 5 - Joplin 0
BOTTOM OF THE 3RD
Joplin Blasters batting - Pitching for Kelowna Heat : RHP Steven Kennett
Batting: RHB Jin-hoi Hur 0-0: Foul Ball, location: 2F
0-1: Ball
1-1: Called Strike
1-2: Fly out, F9 (Line Drive, 9, EV 91.2 MPH)
Batting: LHB Josh Lane 0-0: Foul Ball, location: 2F
0-1: Ball
1-1: Called Strike
1-2: SINGLE (Line Drive, 56, EV 93.8 MPH)
Batting: RHB Sean Walters 0-0: Reached on error, E6 (Groundball, 6, EV 79.4 MPH)
Josh Lane to second
Batting: RHB Angel Melendez 0-0: Ground out 5-3 (Groundball, 56S, EV 63.8 MPH)
Josh Lane to third
Sean Walters to second
Batting: RHB Mike Stokes 0-0: Ball
1-0: SINGLE (Line Drive, 34D, EV 96.2 MPH)
Josh Lane scores
Sean Walters to third
Runner from 3rd tries for Home, throw by RF and OUT! 9-2
Bottom of the 3rd over - 1 run, 2 hits, 1 error, 1 left on base; Kelowna 5 - Joplin 1
TOP OF THE 4TH
Kelowna Heat batting - Pitching for Joplin Blasters : LHP Sean Walters
Batting: RHB Joe Nelson 0-0: Ball
1-0: Called Strike
1-1: Ball
2-1: Fly out, F7 (Line Drive, 7S, EV 91.9 MPH)
Pitching: RHP Robert Carlos
Batting: LHB Billy Lang 0-0: Ball
1-0: SINGLE (Groundball, 5S, EV 66.9 MPH) (infield hit)
Batting: RHB Soichi Kaneshiro 0-0: Ball
1-0: Called Strike
1-1: Called Strike
Billy Lang steals 2nd, throwing error, E2
Billy Lang to third
1-2: Ball
2-2: Ball
3-2: Foul Ball, location: 2F
3-2: Ground out U3 (Groundball, 34, EV 103.1 MPH)
Billy Lang scores
Batting: LHB Alex Larangho 0-0: Called Strike
0-1: Ball
1-1: Ball
2-1: DOUBLE (Line Drive, 89M, EV 106.2 MPH)
Batting: RHB Mike Storey 0-0: Ball
1-0: Foul Ball, location: 2F
1-1: Called Strike
1-2: Fly out, F8 (Flyball, 8LD, EV 85.6 MPH)
Top of the 4th over - 1 run, 2 hits, 1 error, 1 left on base; Kelowna 6 - Joplin 1
BOTTOM OF THE 4TH
Joplin Blasters batting - Pitching for Kelowna Heat : RHP Steven Kennett
Batting: RHB Dustin Peterson 0-0: Called Strike
0-1: Ball
1-1: Swinging Strike
1-2: SINGLE (Groundball, 56D, EV 108.8 MPH)
Batting: RHB Donnie Bednarz 0-0: Ball
1-0: Ball
2-0: Fielders Choice at 2nd, 4-6 (Groundball, 4, EV 109.4 MPH)
Batting: RHB Steve Huebner 0-0: Ball
1-0: Swinging Strike
1-1: Swinging Strike
1-2: Strikes out swinging
Batting: LHB Willie Marquez 0-0: 2-RUN HOME RUN (Flyball, 9LD, EV 90.6 MPH), Distance : 344 ft
Batting: RHB Jin-hoi Hur 0-0: Ground out 6-3 (Groundball, 6, EV 88.8 MPH)
Bottom of the 4th over - 2 runs, 2 hits, 0 errors, 0 left on base; Kelowna 6 - Joplin 3
TOP OF THE 5TH
Kelowna Heat batting - Pitching for Joplin Blasters : RHP Robert Carlos
Batting: RHB Sean Gilbert 0-0: Called Strike
0-1: Ball
1-1: Swinging Strike
1-2: Strikes out looking
Batting: RHB Joey Black 0-0: Ball
1-0: Called Strike
1-1: Foul Ball, location: 2F
1-2: Ball
2-2: Foul Ball, location: 2F
2-2: Ball
3-2: SINGLE (Flyball, 8RS, EV 97.5 MPH)
Batting: LHB Willy Berrios 0-0: Swinging Strike
0-1: Ball
1-1: Called Strike
1-2: Foul Ball, location: 2F
1-2: Fly out, F7 (Line Drive, 78M, EV 88.1 MPH)
Batting: RHB Glen Limeburner 0-0: Ball
1-0: Ball
2-0: Ball
3-0: Called Strike
3-1: Foul Ball, location: 2F
3-2: Foul Ball, location: 2F
3-2: Base on Balls
Joey Black to second
Batting: RHB Joe Nelson 0-0: Called Strike
0-1: DOUBLE (Line Drive, 9LM, EV 91.2 MPH)
Joey Black scores
Glen Limeburner to third
Batting: LHB Billy Lang 0-0: Ball
1-0: Called Strike
1-1: Foul Ball, location: 2F
1-2: Strikes out swinging
Top of the 5th over - 1 run, 2 hits, 0 errors, 2 left on base; Kelowna 7 - Joplin 3
BOTTOM OF THE 5TH
Joplin Blasters batting - Pitching for Kelowna Heat : RHP Steven Kennett
Batting: LHB Josh Lane 0-0: Fly out, F8 (Line Drive, 8LD, EV 105.6 MPH)
Batting: RHB Sean Walters 0-0: Ball
1-0: Fly out, F7 (Flyball, 78M, EV 90.0 MPH)
Batting: RHB Angel Melendez 0-0: Ball
1-0: Ground out 6-3 (Groundball, 6S, EV 83.8 MPH)
Bottom of the 5th over - 0 runs, 0 hits, 0 errors, 0 left on base; Kelowna 7 - Joplin 3
TOP OF THE 6TH
Kelowna Heat batting - Pitching for Joplin Blasters : RHP Robert Carlos
Batting: RHB Soichi Kaneshiro 0-0: SOLO HOME RUN (Flyball, 7LD, EV 91.9 MPH), Distance : 328 ft
Batting: LHB Alex Larangho 0-0: Ball
1-0: Ball
2-0: Ball
3-0: Base on Balls
Batting: RHB Mike Storey 0-0: Swinging Strike
0-1: Foul Ball, location: 2F
0-2: Strikes out looking
Batting: RHB Sean Gilbert 0-0: Foul Ball, location: 2F
0-1: DOUBLE (Line Drive, 78D, EV 111.9 MPH)
Alex Larangho to third
Batting: RHB Joey Black 0-0: Foul Ball, location: 2F
0-1: Fly out, F7 (Line Drive, 7S, EV 88.8 MPH)
Batting: LHB Willy Berrios 0-0: Ball
1-0: DOUBLE (Line Drive, 7LS, EV 91.2 MPH)
Alex Larangho scores
Sean Gilbert scores
Batting: RHB Glen Limeburner 0-0: Ball
1-0: Called Strike
1-1: Foul Ball, location: 2F
1-2: Foul Ball, location: 2F
1-2: Ball
2-2: Ball
3-2: Base on Balls
Pitching: RHP Jaden Brown
Batting: RHB Joe Nelson 0-0: Foul Ball, location: 2F
0-1: Fly out, F7 (Flyball, 7S, EV 88.8 MPH)
Top of the 6th over - 3 runs, 3 hits, 0 errors, 2 left on base; Kelowna 10 - Joplin 3
BOTTOM OF THE 6TH
Joplin Blasters batting - Pitching for Kelowna Heat : RHP Steven Kennett
Batting: RHB Mike Stokes 0-0: Hit by Pitch
Pinch Runner at 1st Mike McClung:
Batting: RHB Dustin Peterson 0-0: SINGLE (Line Drive, 8RS, EV 99.4 MPH)
Mike McClung to second
Batting: RHB Donnie Bednarz 0-0: Swinging Strike
0-1: Called Strike
0-2: SINGLE (Groundball, 6MD, EV 101.2 MPH)
Mike McClung to third
Dustin Peterson to second
Batting: RHB Steve Huebner 0-0: Foul Ball, location: 2F
0-1: Foul Ball, location: 2F
0-2: Ball
1-2: Ball
2-2: Fly out, F8 (Flyball, 78M, EV 83.8 MPH)
Runner from 3rd tags up, SCORES, throw by CF
Batting: LHB Willie Marquez 0-0: Foul Ball, location: 2F
0-1: Foul Ball, location: 2F
0-2: Ball
1-2: Fielders Choice at 2nd, 4-6 (Groundball, 4M, EV 101.9 MPH)
Dustin Peterson to third
Batting: RHB Jin-hoi Hur 0-0: Ball
1-0: Called Strike
1-1: Swinging Strike
1-2: Ball
2-2: Strikes out swinging
Bottom of the 6th over - 1 run, 2 hits, 0 errors, 2 left on base; Kelowna 10 - Joplin 4
TOP OF THE 7TH
Kelowna Heat batting - Pitching for Joplin Blasters : RHP Jaden Brown
Now in RF: Alex Valadez
Batting: LHB Billy Lang 0-0: Called Strike
0-1: Foul Ball, location: 2F
0-2: Ball
1-2: Foul Ball, location: 2F
1-2: Ball
2-2: SINGLE (Groundball, 4MD, EV 106.2 MPH)
Batting: RHB Soichi Kaneshiro 0-0: Ball
1-0: Called Strike
1-1: Fielders Choice at 2nd, 5-4 (Groundball, 56, EV 89.4 MPH)
Batting: LHB Alex Larangho 0-0: Ball
1-0: Called Strike
1-1: SINGLE (Flyball, 56D, EV 88.1 MPH)
Soichi Kaneshiro to second
Batting: RHB Mike Storey 0-0: Ball
1-0: Called Strike
1-1: Swinging Strike
Balk!
Soichi Kaneshiro to third
Alex Larangho to second
1-2: Strikes out swinging
Batting: RHB Sean Gilbert 0-0: Ball
1-0: Reached on error, E6 (Groundball, 6, EV 83.8 MPH)
Soichi Kaneshiro scores
Alex Larangho scores
Batting: RHB Joey Black 0-0: Ball
1-0: Called Strike
1-1: Ball
Wild Pitch!
Sean Gilbert to third
2-1: Ball
3-1: Base on Balls
Batting: LHB Willy Berrios 0-0: Ball
1-0: Called Strike
1-1: Fly out, F9 (Flyball, 9LM, EV 97.5 MPH)
Top of the 7th over - 2 runs, 2 hits, 1 error, 2 left on base; Kelowna 12 - Joplin 4
BOTTOM OF THE 7TH
Joplin Blasters batting - Pitching for Kelowna Heat : RHP Steven Kennett
Batting: LHB Josh Lane 0-0: Ground out 4-3 (Groundball, 4, EV 95.0 MPH)
Batting: RHB Sean Walters 0-0: Ball
1-0: Called Strike
1-1: Called Strike
1-2: Ball
2-2: Ball
3-2: Strikes out looking
Batting: RHB Angel Melendez 0-0: Foul Ball, location: 2F
0-1: Called Strike
0-2: Foul Ball, location: 2F
0-2: Ground out 5-3 (Groundball, 56, EV 96.2 MPH)
Bottom of the 7th over - 0 runs, 0 hits, 0 errors, 0 left on base; Kelowna 12 - Joplin 4
TOP OF THE 8TH
Kelowna Heat batting - Pitching for Joplin Blasters : RHP Jaden Brown
Pinch Hitting: LHB Ricardo Torres 0-0: Ball
1-0: Called Strike
1-1: Fly out, F8 (Flyball, 8RM, EV 76.9 MPH)
Batting: RHB Joe Nelson 0-0: Foul Ball, location: 2F
0-1: SOLO HOME RUN (Flyball, 78XD, EV 99.4 MPH), Distance : 402 ft
Batting: LHB Billy Lang 0-0: Ball
1-0: Ball
2-0: Ball
3-0: Base on Balls
Batting: RHB Soichi Kaneshiro 0-0: Called Strike
0-1: Foul Ball, location: 2F
0-2: Ball
Wild Pitch!
Billy Lang to second
1-2: Ground out 5-3 (Groundball, 56S, EV 80.6 MPH)
Batting: LHB Alex Larangho 0-0: Foul Ball, location: 2F
0-1: Foul Ball, location: 2F
0-2: Ground out 6-3 (Groundball, 6MS, EV 85.6 MPH)
Top of the 8th over - 1 run, 1 hit, 0 errors, 1 left on base; Kelowna 13 - Joplin 4
BOTTOM OF THE 8TH
Joplin Blasters batting - Pitching for Kelowna Heat : RHP Steven Kennett
Now at 2B: Michael Woodard
Pinch Hitting: RHB Carlos Castillo 0-0: Called Strike
0-1: Ground out 6-3 (Groundball, 6, EV 79.4 MPH)
Batting: RHB Dustin Peterson 0-0: Ball
1-0: Called Strike
1-1: Ball
2-1: SINGLE (Groundball, 5D, EV 98.1 MPH)
Batting: RHB Donnie Bednarz 0-0: Called Strike
0-1: Foul Ball, location: 2F
0-2: Ball
1-2: Strikes out swinging
Pinch Hitting: RHB Cody Marshall 0-0: Called Strike
0-1: Ball
1-1: Ball
2-1: Swinging Strike
2-2: Ball
3-2: Strikes out looking
Bottom of the 8th over - 0 runs, 1 hit, 0 errors, 1 left on base; Kelowna 13 - Joplin 4
TOP OF THE 9TH
Kelowna Heat batting - Pitching for Joplin Blasters : RHP Jaden Brown
Now at 1B: Carlos Castillo
Now in RF: Nate Brewer
Batting: RHB Mike Storey 0-0: Called Strike
0-1: Called Strike
0-2: Ball
1-2: Fly out, F9 (Flyball, 9D, EV 81.2 MPH)
Batting: RHB Sean Gilbert 0-0: Ball
1-0: Called Strike
1-1: Swinging Strike
1-2: Ground out 6-3 (Groundball, 6, EV 94.4 MPH)
Batting: RHB Joey Black 0-0: Ball
1-0: Called Strike
1-1: Foul Ball, location: 2F
1-2: Hit by Pitch
Batting: LHB Willy Berrios 0-0: Ball
1-0: Called Strike
1-1: Fly out, F7 (Flyball, 78M, EV 91.2 MPH)
Top of the 9th over - 0 runs, 0 hits, 0 errors, 1 left on base; Kelowna 13 - Joplin 4
BOTTOM OF THE 9TH
Joplin Blasters batting - Pitching for Kelowna Heat : RHP Steven Kennett
Batting: LHB Willie Marquez 0-0: SINGLE (Groundball, 34D, EV 98.1 MPH)
Pitching: RHP James Jenkins
Pinch Hitting: RHB Colin Padgett 0-0: Ball
1-0: Ball
2-0: Foul Ball, location: 2F
2-1: 2-RUN HOME RUN (Flyball, 7D, EV 100.0 MPH), Distance : 365 ft
Pinch Hitting: RHB Abban Sartika 0-0: Ball
1-0: Swinging Strike
1-1: Called Strike
1-2: Strikes out looking
Batting: RHB Rade Mamula 0-0: Called Strike
0-1: Called Strike
0-2: Ball
1-2: Ball
2-2: Strikes out swinging
Pinch Hitting: RHB Kevin Lea 0-0: Ball
1-0: SINGLE (Groundball, 6MD, EV 96.9 MPH)
Batting: RHB Carlos Castillo 0-0: Ball
1-0: Ball
2-0: Called Strike
2-1: Ball
3-1: Base on Balls
Kevin Lea to second
Batting: RHB Dustin Peterson 0-0: Ball
1-0: Fielders Choice at 2nd, 6-4 (Groundball, 6, EV 103.1 MPH)
Bottom of the 9th over - 2 runs, 3 hits, 0 errors, 2 left on base; Kelowna 13 - Joplin 6
Sunday, July 16th , 2023 - OOTP Baseball 24.6 Build 69